 Dungeon Crawl Stone Soup version 0.30-a0-5-g3a90980b9d (webtiles) character file.

Game seed: 9675615322726932061

110 BritishOli the Trooper (level 4, -3/37 HPs)
             Began as a Demonspawn Fighter on Aug 22, 2022.
             Killed by divine providence
             ... invoked by an orc priest
              (12 damage)
             ... on level 3 of the Dungeon.
             The game lasted 00:01:37 (2139 turns).

BritishOli the Trooper (Demonspawn Fighter)         Turns: 2139, Time: 00:01:37

Health: -3/37      AC:  6    Str: 19    XL:     4   Next: 61%
Magic:  4/4        EV:  9    Int:  9    God:
Gold:   179        SH:  4    Dex: 12    Spells: 3/3 levels left

rFire   . . .      SeeInvis .    a - +0 long sword
rCold   . . .      Faith    .    c - +0 buckler
rNeg    . . .      Spirit   .    b - +0 scale mail
rPois   .          Reflect  .    (no helmet)
rElec   .          Harm     .    (no cloak)
rCorr   .          Rampage  .    (no gloves)
Will    .....                    (no boots)
Stlth   ..........               (no amulet)
HPRegen 0.12/turn                (no ring)
MPRegen 0.09/turn                (no ring)

@: no status effects
A: spiny 2
a: no special abilities


You were on level 3 of the Dungeon.
You visited 1 branch of the dungeon, and saw 3 of its levels.

You collected 179 gold pieces.

Inventory:

Hand Weapons
 a - a +0 long sword (weapon)
Armour
 b - a +0 scale mail (worn)
 c - a +0 buckler (worn)
Wands
 l - a wand of digging (6)
Scrolls
 h - 2 scrolls of butterflies {unknown}
 j - a scroll of vulnerability {unknown}
 k - a scroll of teleportation {unknown}
Potions
 d - a potion of might
 e - 2 potions of lignification {unknown}
 f - 3 potions of curing {unknown}
 g - a potion of berserk rage {unknown}
 i - a potion of attraction {unknown}
 m - a potion of degeneration {unknown}


   Skills:
 + Level 3.7 Fighting
 + Level 2.7 Long Blades
 - Level 3.3 Armour
 - Level 3.3 Shields


You had 3 spell levels left.
You didn't know any spells.
Your spell library contained the following spells:

 Spells                   Type           Power      Damage    Failure   Level
 Sandblast                Erth           0%         2d4       85%         1
 Passwall                 Tmut/Erth      0%         N/A       94%         2
 Stone Arrow              Conj/Erth      0%         3d7       99%         3


Dungeon Overview and Level Annotations

Branches:
Dungeon (3/15)

Altars:

Shops:
D:1 :


Innate Abilities, Weirdness & Mutations

You are mostly covered in sharp spines.


Message History

You kill the orc!
The orc priest invokes the aid of Beogh against you.
Beogh smites you!
You see here 4 stones.
There is a stone staircase leading up here.
You climb upwards.
There is a stone staircase leading down here.
You start resting.
HP restored.
You climb downwards.
You block the orc's attack.
There is a stone staircase leading up here.
The orc is struck by your spines. The orc barely misses you.
You climb upwards.
There is a stone staircase leading down here.
You hit the orc but do no damage.
The orc is severely wounded.
The orc is struck by your spines. The orc barely misses you.
The orc hits you with a +0 war axe.
You slash the orc!
You kill the orc!
No target in view!
No target in view!
You climb downwards.
There is a stone staircase leading up here.
The orc priest hits you but does no damage.
The orc priest is struck by your spines.
The orc priest hits you with a +0 trident.
You hit the orc priest.
The orc priest is heavily wounded.
The orc priest hits you with a +0 trident.
You hit the orc priest.
The orc priest is severely wounded.
The orc priest invokes the aid of Beogh against you.
Pain shoots through your body!
* * * LOW HITPOINT WARNING * * *
You closely miss the orc priest.
The orc priest is severely wounded.
The orc priest calls down the wrath of Beogh upon you.
Beogh smites you!
You die...

......#....##'##+#
.....o##+####.##.#
.........# #.##.##
.......(.# #.....#
#####..[o####.....#
#.............#
#....####.....#
#....#
#...>.#########
######
#..o@.<........
##.....(...###
#......[..+
#.........#
#.........+
#.........#
#.........#
#)#+#+#+### #.


You could see an orc priest.

Vanquished Creatures
  Jessica (D:3)
  An adder (D:2)
  A worm (D:2)
  A dart slug (D:1)
  2 orcs
  10 ball pythons
  6 endoplasms
  4 giant cockroaches
  8 goblins
  4 hobgoblins
  6 kobolds
  5 quokkas
  6 bats
  3 frilled lizards
  8 rats
66 creatures vanquished.

Vanquished Creatures (others)
  2 demonic plants (D:2)
2 creatures vanquished.

Grand Total: 68 creatures vanquished

Notes
Turn   | Place    | Note
-------+----------+-------------------------------------------
     0 | D:1      | BritishOli the Demonspawn Fighter began the quest for the
                  | Orb.
     0 | D:1      | Reached XP level 1. HP: 18/18 MP: 1/1
   279 | D:1      | Gained mutation: You are partially covered in sharp spines.
                  | [demonic ancestry]
   279 | D:1      | Reached XP level 2. HP: 24/24 MP: 2/2
   516 | D:1      | Found Nelyan's Book Shoppe.
   564 | D:1      | Reached XP level 3. HP: 25/29 MP: 3/3
  1437 | D:2      | Found a faded altar of an unknown god.
  1437 | D:2      | Noticed a sun demon
  1524 | D:2      | Gained mutation: You are mostly covered in sharp spines.
                  | [demonic ancestry]
  1524 | D:2      | Reached XP level 4. HP: 33/35 MP: 4/4
  1797 | D:3      | Noticed Jessica
  1803 | D:3      | Killed Jessica
  2139 | D:3      | Killed from afar by an orc priest

Illustrated notes

Levels and vault maps discovered:
D:1:      matt_arrival_spirals, layout_rooms, serial_shops, shop_coins,
          minivault_23, st_stairs_11, chequers_serial_rivers_large_a
D:2:      layout_rooms, dreamdust_ecumenical_altar_sealed_demon
D:3:      layout_basic, led_sif_book, uniq_jessica

Skill      XL: |  1  2 |
---------------+-------+-----
Long Blades    | 2 |  2.7
Shields        | 3 |  3.3
Armour         | 3 |  3.3
Fighting       | |  3.7

Action                   |  1- 3 |  4- 6 || total
-------------------------+-------+-------++-------
Melee: Long sword        |   104 |    21 ||   125
Armor: Scale mail        |    60 |     7 ||    67
Dodge: Dodged            |    56 |     8 ||    64
Block: Buckler           |    30 |     6 ||    36

Table legend: (Time is in decaauts)
 A = Elapsed time spent in this place.
 B = Non-inter-level travel time spent in this place.
 C = Inter-level travel time spent in this place.
 D = Time resting spent in this place.
 E = Time spent auto-exploring this place.
 F = Levels seen in this place.
 G = Mean time per level.
                   A        B        C        D        E       F      G
               +--------+--------+--------+--------+--------+-----+--------+
         Total |   2197 |   2114 |     83 |    184 |   1561 |   3 |  732.3 |
       Dungeon |   2197 |   2114 |     83 |    184 |   1561 |   3 |  732.3 |
               +--------+--------+--------+--------+--------+-----+--------+

Top non-repeatable levels by time:
     D:1: 1027 daAuts
     D:2: 973 daAuts
     D:3: 196 daAuts
